 Dungeon Crawl Stone Soup version 0.31-a0-986-g5e6e4ef867 (webtiles) character file.

Game seed: 18158142944142570726

65 LeprechaunX the Changeling (level 4, 0/29 HPs)
             Began as an Octopode Shapeshifter on Nov 23, 2023.
             Succumbed to an adder's poison
             ... on level 3 of the Dungeon.
             The game lasted 00:02:40 (1327 turns).

LeprechaunX the Changeling (Octopode Shapeshifter)  Turns: 1327, Time: 00:02:41

Health: 0/29       AC:  1    Str: 13    XL:     4   Next: 14%
Magic:  4/4        EV: 12    Int: 12    God:
Gold:   122        SH:  4    Dex: 13    Spells: 3/3 levels left

rFire   . .          .
                       - Unarmed
rCold   . . .        k - +0 buckler
rNeg    . . .        (helmet currently unavailable)
rPois   .            (no amulet)
rElec   .            (no ring)
rCorr   .            (no ring)
SInv    .            (no ring)
Will    .....        (no ring)
Stlth   ++           (no ring)
HPRegen 0.24/turn    (no ring)
MPRegen 0.09/turn    (no ring)
                     (no ring)

%: no passive effects
@: lethally poisoned (0 -> -3), beast-form, attractive
A: beast (slay +2), almost no armour, amphibious, 8 rings, camouflage 1,
gelatinous body 1, (nimble swimmer 1), tentacles
a: Begin Untransformation


You were on level 3 of the Dungeon.
You were a hulking beast.
You visited 1 branch of the dungeon, and saw 3 of its levels.

You collected 122 gold pieces.

Inventory:

Hand Weapons
 a - the +0 sling of the Hidden Wars {heavy, rF+ Stlth+}
   (You found it on level 2 of the Dungeon)

   rF+:       It protects you from fire.
   Stlth+:    It makes you more stealthy.
Missiles
 j - 2 atropa-tipped darts
Armour
 k - a +0 buckler (worn)
Jewellery
 l - a ring of wizardry
Talismans
 b - a beast talisman
 c - a flux talisman
 o - a granite talisman
Scrolls
 e - a scroll of teleportation {unknown}
 f - a scroll of poison {unknown}
 g - a scroll of revelation {unknown}
 h - 3 scrolls of identify {unknown}
 m - a scroll of amnesia {unknown}
 n - a scroll of noise {unknown}
Potions
 i - a potion of lignification


   Skills:
 + Level 2.0 Fighting
 + Level 0.6 Throwing
 - Level 2.0 Dodging
 + Level 3.4 Unarmed Combat
 * Level 3.8 Shapeshifting


You had 3 spell levels left.
You didn't know any spells.
Your spell library contained the following spells:

 Spells                   Type           Power      Damage    Failure   Level
 Poisonous Vapours        Pois/Air       0%         N/A       56%         2
 Mephitic Cloud           Conj/Pois/Air  0%         N/A       80%         3
 Freezing Cloud           Conj/Ice/Air   0%         6-21      100%        5


Dungeon Overview and Level Annotations

Branches:
Dungeon (3/15)

Altars:
Trog

Shops:
D:2 [


Innate Abilities, Weirdness & Mutations

You are a hulking beast.
Your limbs bulge with bestial killing power. (Slay +2)
You cannot wear most types of armour.
You are amphibious.
You can wear up to eight rings at the same time.
Your skin changes colour to match your surroundings (Stealth+).
Your rubbery body absorbs attacks. (AC +1, EV +1)
((You are camouflaged when in or above water. (Stealth+)))
You have tentacles for arms and can constrict up to eight enemies at once.


Message History

The adder barely misses you.
You are now empty-tentacled.
The adder bites you.
You are poisoned.
The adder poisons you!
You barely miss the adder. You grab the adder. You constrict the adder.
You feel sick. The adder barely misses you.
You tentacle-slap the adder.
The adder is severely wounded.
You constrict the adder.
You feel sick. The adder bites you.
You are more poisoned.
The adder poisons you! The adder bites you.
You are lethally poisoned!
The adder poisons you!
You are too injured to fight recklessly!
You are too injured to fight recklessly!
You tentacle-slap the adder. You squeeze the adder.
You kill the adder!
You feel very sick.
An endoplasm comes into view.
Your Fighting skill increases to level 2!
You have reached level 4!
* * * LOW HITPOINT WARNING * * *
You feel very sick.
You enter the deep water.
* * * LOW HITPOINT WARNING * * *
You feel very sick.
* * * LOW HITPOINT WARNING * * *
You feel sick.
* * * LOW HITPOINT WARNING * * *
You feel sick.
* * * LOW HITPOINT WARNING * * *
You feel sick.
There is a lethal amount of poison in your body!
There is a lethal amount of poison in your body!
It was a potion of attraction.
You feel attractive to monsters.
* * * LOW HITPOINT WARNING * * *
You feel sick.
There is a lethal amount of poison in your body!
You die...

####.≈. #.≈.# .....≈.
#.≈.# ......†#####.≈.#
.....≈.......≈.#
.J...≈≈≈≈≈≈≈≈≈.#
...............#######
.........#...........#
.........#...........#
.........#...h.......#
.........+...........#
.........#...........#
#########.....<.....#
######+#+####


There were no monsters in sight!

Vanquished Creatures
  2 adders
  2 dart slugs (D:1)
  4 ball pythons
  7 endoplasms
  2 giant cockroaches
  3 goblins
  5 hobgoblins
  2 kobolds (D:1)
  3 quokkas
  3 bats
  2 frilled lizards (D:1)
  4 rats
39 creatures vanquished.

Notes
Turn   | Place    | Note
-------+----------+-------------------------------------------
     0 | D:1      | LeprechaunX the Octopode Shapeshifter began the quest for
                  | the Orb.
     0 | D:1      | Reached XP level 1. HP: 13/13 MP: 1/1
   132 | D:1      | Reached XP level 2. HP: 18/18 MP: 2/2
   531 | D:1      | Reached XP level 3. HP: 23/23 MP: 3/3
   857 | D:2      | Found Guleibbu's Antique Armour Boutique.
   947 | D:2      | Found a bloodstained altar of Trog.
   951 | D:2      | Identified the +0 sling of the Hidden Wars {heavy, rF+
                  | Stlth+}
   987 | D:2      | Found a faded altar of an unknown god.
  1321 | D:3      | Reached XP level 4. HP: 11/29 MP: 4/4
  1326 | D:3      | HP: 1/29 [poisoned by an adder]
  1327 | D:3      | Succumbed to an adder's poison

Illustrated notes

Levels and vault maps discovered:
D:1:      minmay_arrival_glassed_features, layout_basic, minmay_tripent
D:2:      layout_rooms, serial_shops, nicolae_shop_stone, basic_altar,
          chequers_ecumenical_altar_twisty, minmay_box_of_dots
D:3:      layout_basic, mainiacjoe_overflow_brackets,
          mainiacjoe_overflow_boulevard, nicolae_overflow_macrodata_refinement

Skill      XL: |  1  2  3 |
---------------+----------+-----
Fighting       | 2 |  2.0
Throwing       | |  0.6
Dodging        | |  2.0
Unarmed Combat | |  3.4
Shapeshifting  | |  3.8

Action                     |  1- 3 |  4- 6 || total
---------------------------+-------+-------++-------
  Melee: Unarmed           |    62 |       ||    62
         Constrict         |    16 |       ||    16
         Tentacles         |     7 |       ||     7
         Punch             |     2 |       ||     2
   Fire: Sling             |     8 |       ||     8
    Use: Potion            |     1 |     1 ||     2
   Stab: Sleeping          |     4 |       ||     4
 Armour: Skin              |    25 |       ||    25
  Dodge: Dodged            |    26 |       ||    26
  Block: Buckler           |     3 |       ||     3

Table legend: (Time is in decaauts)
 A = Elapsed time spent in this place.
 B = Non-inter-level travel time spent in this place.
 C = Inter-level travel time spent in this place.
 D = Time resting spent in this place.
 E = Time spent auto-exploring this place.
 F = Levels seen in this place.
 G = Mean time per level.
                   A        B        C        D        E       F      G
               +--------+--------+--------+--------+--------+-----+--------+
         Total |   1332 |   1267 |     65 |     44 |    973 |   3 |  444.0 |
       Dungeon |   1332 |   1267 |     65 |     44 |    973 |   3 |  444.0 |
               +--------+--------+--------+--------+--------+-----+--------+

Top non-repeatable levels by time:
     D:1: 775 daAuts
     D:2: 531 daAuts
     D:3: 25 daAuts
